Map: Catalyst LE

Players

reset - Winner!

  • Race: Terran Terran
  • League: Diamond
  • Spawn Location: 5:00

axu

  • Race: Protoss Protoss
  • League: Platinum
  • Spawn Location: 11:00

VOD

Have the link to the VOD?

Description

Time

  • Played on: April 11, 2018, 6:45 a.m.
  • Length: 14:01
Show
View Real Time Build Order
Export as new Build Order

reset Terran - Winner!

Build Orders: Cyclone Opening 

Get SALT Encoding   

  12  0:02  SCV  
  13  0:18  Supply Depot  
  13  0:19  SCV  
  14  0:26  Refinery  
  14  0:31  SCV  
  15  0:43  Barracks  
  15  0:47  SCV  
  16  0:58  Supply Depot  
  16  1:13  SCV  
  16  1:17  Refinery  
  18  1:31  Orbital Command  
  17  1:40  Factory  
  17  1:47  Barracks Reactor  
  17  2:00  SCV  
  18  2:28  Command Center  
  18  2:47  Cyclone  
  18  2:48  Cyclone  
  24  3:05  Engineering Bay  
  24  3:13  SCV  
  25  3:38  SCV  
  26  3:47  Orbital Command  
  26  3:54  Missile Turret  
  26  4:00  Starport  
  26  4:04  Starport, SCV  
  26  4:05  Armory  
  26  4:09  Hellion  
  29  4:10  Orbital Command  
  29  4:17  SCV  
  30  4:18  Supply Depot  
  30  4:37  Starport Tech Lab  
  30  4:39  Cyclone  
  30  4:40  Hellion  
  32  4:51  Starport Tech Lab  
  32  4:54  SCV  
  32  4:58  SCV  
  34  5:04  Banshee  
  34  5:05  Cloaking Field  
  37  5:07  Refinery  
  37  5:10  SCV  
  38  5:15  Refinery  
  38  5:22  SCV  
  38  5:24  Banshee  
  42  5:30  Supply Depot  
  42  5:34  SCV  
  43  5:37  Missile Turret  
  43  5:46  SCV  
  43  5:47  Banshee  
  43  5:48  Hellbat  
  43  5:49  Hellbat  
  51  5:54  SCV  
  52  5:58  Terran Vehicle And Ship Armor Level 1  
  52  6:03  SCV  
  53  6:06  SCV  
  54  6:13  Supply Depot  
  54  6:15  SCV  
  55  6:30  Missile Turret  
  55  6:31  Banshee  
  60  6:33  Hellbat  
  60  6:38  Starport  
  60  6:42  SCV  
  60  6:43  Armory  
  61  6:49  Hellbat  
  61  6:54  SCV  
  64  7:03  Banshee  
  67  7:31  Banshee  
  67  7:32  Starport Tech Lab  
  70  7:58  Command Center  
  70  8:00  Supply Depot  
  70  8:01  Terran Vehicle Weapons Level 1  
  70  8:02  Terran Ship Weapons Level 1  
  70  8:03  Supply Depot  
  70  8:04  Supply Depot  
  70  8:13  Supply Depot  
  70  8:21  Banshee x2  
  70  8:22  SCV  
  77  8:32  Banshee  
  77  8:34  SCV  
  81  8:38  Starport  
  83  8:41  Hellbat  
  83  8:46  SCV  
  84  8:54  Factory  
  84  9:01  SCV  
  85  9:04  Banshee  
  85  9:09  Supply Depot x2, Hyperflight Rotors  
  88  9:11  SCV  
  88  9:14  Banshee  
  92  9:23  SCV  
  93  9:30  Banshee  
  96  9:32  Missile Turret  
  96  9:34  Hellbat x2  
  100  9:40  SCV  
  100  9:43  Starport Tech Lab  
  101  9:50  Starport  
  101  9:55  Banshee  
  101  9:56  Banshee  
  107  10:00  Terran Vehicle And Ship Armor Level 2  
  107  10:07  Terran Ship Weapons Level 2  
  107  10:09  SCV  
  89  10:33  Banshee x2  
  95  10:38  Banshee  
  95  10:42  Banshee  
  101  10:46  Starport Tech Lab  
  92  10:50  Orbital Command  
  101  10:52  Refinery  
  90  11:16  Banshee x2  
  81  11:21  Banshee x2  
  72  11:35  Banshee  
  72  11:55  Cyclone x3  
  72  11:59  Banshee x2  
  87  12:04  Banshee x2  
  93  12:13  SCV  
  94  12:18  Banshee  
  97  12:25  SCV  
  95  12:41  Banshee  
  95  12:42  Banshee  
  98  12:47  Banshee x2  
  101  13:01  Banshee  
  98  13:13  SCV  
  95  13:25  SCV  
  102  13:29  SCV  
  102  13:32  Refinery  
  109  13:41  SCV  
Show
View Real Time Build Order
Export as new Build Order

axu Protoss 

Build Orders: 1 Gate Expand, Oracle Opening 

Get SALT Encoding   

  12  0:01  Probe  
  13  0:13  Probe  
  14  0:17  Pylon  
  14  0:25  Probe  
  15  0:37  Probe  
  16  0:45  Gateway  
  17  0:50  Probe (Chrono Boost)  
  17  0:52  Assimilator  
  17  1:02  Probe (Chrono Boost)  
  18  1:08  Probe (Chrono Boost)  
  19  1:16  Probe  
  20  1:30  Nexus  
  20  1:44  Probe  
  21  1:53  Cybernetics Core  
  21  1:57  Probe  
  21  1:58  Assimilator  
  22  2:03  Pylon  
  22  2:13  Probe (Chrono Boost)  
  23  2:25  Probe (Chrono Boost)  
  24  2:31  Stargate  
  24  2:32  Warp Gate  
  24  2:38  Stalker  
  24  2:39  Probe  
  27  2:45  Probe  
  27  2:51  Probe (Chrono Boost)  
  29  2:58  Probe (Chrono Boost)  
  30  2:59  Pylon  
  30  3:03  Probe (Chrono Boost)  
  31  3:09  Probe (Chrono Boost)  
  31  3:11  Probe (Chrono Boost)  
  33  3:13  Oracle (Chrono Boost)  
  33  3:14  Probe (Chrono Boost)  
  33  3:17  Probe  
  38  3:23  Probe  
  39  3:27  Gateway  
  39  3:30  Probe  
  40  3:36  Gateway  
  40  3:40  Probe  
  41  3:42  Probe  
  42  3:52  Probe  
  43  3:57  Stalker (Chrono Boost)  
  45  4:07  Assimilator  
  45  4:09  Assimilator  
  45  4:11  Probe x2  
  45  4:14  Shield Battery  
  47  4:33  Probe x2  
  47  4:34  Shield Battery  
  47  4:35  Stalker  
  47  4:36  Stalker  
  51  4:52  Gateway  
  51  4:54  Robotics Facility  
  51  4:56  Probe x2  
  53  5:08  Probe  
  53  5:13  Pylon  
  54  5:15  Pylon  
  54  5:17  Pylon  
  54  5:30  Twilight Council  
  54  5:31  Probe x2  
  54  5:33  Gateway x2  
  54  5:34  Oracle  
  59  5:37  Gateway  
  59  5:43  Immortal (Chrono Boost), Probe x2  
  59  5:45  Stalker x2  
  69  6:09  Stalker x2  
  69  6:10  Stalker  
  75  6:16  Nexus  
  75  6:19  Pylon  
  75  6:23  Pylon  
  75  6:26  Probe x2  
  75  6:32  Blink  
  77  6:37  Immortal  
  77  6:38  Probe x2  
  83  6:53  Probe x2  
  85  6:55  Stalker x3  
  85  6:56  Stalker  
  93  7:04  Pylon  
  93  7:05  Probe  
  93  7:06  Pylon  
  92  7:18  Observer (Chrono Boost)  
  92  7:22  Shield Battery  
  91  7:24  Shield Battery  
  91  7:26  Shield Battery  
  86  8:06  Observer, Forge  
  86  8:08  Forge, Stalker x4  
  86  8:09  Stalker x2  
  86  8:12  Probe x3  
  102  8:24  Probe x2  
  104  8:36  Pylon  
  104  8:39  Pylon  
  104  8:40  Photon Cannon  
  104  8:44  Photon Cannon  
  104  8:47  Photon Cannon  
  104  8:51  Assimilator  
  104  8:53  Protoss Ground Weapons Level 1 (Chrono Boost), Protoss Ground Armor Level 1 (Chrono Boost)  
  104  8:55  Assimilator  
  104  8:59  Templar Archives  
  104  9:00  Stalker  
  104  9:01  Stalker, Zealot  
  104  9:02  Zealot x2  
  114  9:04  Charge  
  114  9:11  Probe  
  114  9:12  Probe x2  
  117  9:24  Probe x2  
  119  9:46  Immortal, Psionic Storm  
  119  9:49  High Templar x3  
  119  9:50  High Templar x3  
  129  10:25  Observer  
  98  10:39  High Templar  
  98  10:40  High Templar x4  
  98  10:41  High Templar  
  105  10:44  Archon x3  
  73  11:19  Stalker x3  
  73  11:20  Stalker x3  
  81  11:38  Probe x2  
  81  11:39  Probe  
  84  11:43  Zealot x5  
  84  11:44  Zealot  
  90  11:50  Probe  
  90  11:53  Gateway  
  89  11:55  Gateway  
  89  11:56  Gateway  
  89  11:57  Gateway  
  87  12:03  Gateway  
  87  12:14  Stalker x2  
  87  12:15  Stalker x2  
  91  12:29  Nexus  
  90  12:43  Pylon  
  80  12:55  Pylon  
  80  12:57  Archon  
  69  13:05  High Templar  
  69  13:06  High Templar x4  
  69  13:09  High Templar x4  
  69  13:12  High Templar  
  74  13:16  Archon  
  74  13:17  Archon x3  
  74  13:18  Archon  
  68  13:38  Zealot  
  68  13:39  Zealot x3  
Tags
 
Add a new tag
Caveats
  • Supply blocks, unpowered buildings, or Contaminate may cause inaccurate times.
  • Supply counts are checked every 10 seconds.